Predators vs Panthers

Created - 28 mars 2017 at 19:25

Goals
1 2 3 T
Predators 0 1 2 3
Panthers 0 1 1 2
Shots
1 2 3 T
Predators 8 12 8 28
Panthers 14 8 13 35

1st period

No Goal

Penalties :
Steve Begin (Nas) for Hooking (Minor) at 2:11

2nd period

1. Panthers , Marian Hossa 24 (Scott Gomez, Sergei Samsonov) at 3:20
2. Predators , Kris Vernarsky 8 (Blake Geoffrion, Alexander Edler) at 16:45

Penalties :
Guillaume Latendresse (Flo) for Hooking (Minor) at 7:05, Niclas Bergfors (Nas) for High sticking (Double Minor) at 12:25, Alexander Steen (Nas) for Holding (Minor) at 17:47

3rd period

3. Predators , David Jones 8 (Steve Begin) at 7:51
4. Panthers , Peter Prucha 13 (Andrew Ebbett, Brendan Smith) at 13:26
5. Predators , Byron Bitz 24 (Alexander Ovechkin, Ryan Kesler) at 15:33

Penalties :
Steve Montador (Flo) for Unsportsmanlike conduct (Minor) at 4:05, Peter Prucha (Flo) for Hooking (Minor) at 15:36

Goalie Stats

Viktor Fasth (Nas), 33 saves from 35 shots - (0,943), W, 22-10-2, 60:00 minutes
Keith Kinkaid (Flo), 25 saves from 28 shots - (0,893), L, 5-5-0, 59:03 minutes

Players Stats for Predators

Player Name              G  A  P  +/- PIM S  H  SB GA TA FO     MP     PP MP  PK MP  
------------------------------------------------------------------------------------
Adam Burish              0  0  0   0  0   0  1  0  0  0  0/0     2:07   0:00   1:01 
Alexander Edler          0  1  1   0  0   2  3  3  0  1  0/0    22:57   2:27   4:27 
Alexander Ovechkin       0  1  1   1  0   4  2  0  0  0  6/6    24:57   3:12   4:06 
Alexander Steen          0  0  0   0  2   1  0  2  0  0  0/0    18:38   2:43   2:25 
Andy Miele               0  0  0  -2  0   2  2  0  0  0  2/6    10:39   0:00   0:00 
Blake Geoffrion          0  1  1   2  0   3  0  0  0  0  0/0     9:22   0:00   1:23 
Brett Clark              0  0  0   0  0   0  0  0  0  0  0/0    14:45   0:00   3:33 
Byron Bitz               1  0  1  -1  0   2  2  0  0  0  0/0    20:48   3:01   1:06 
Christian Ehrhoff        0  0  0   1  0   0  1  4  0  2  0/0    22:18   3:30   0:00 
David Jones              1  0  1   2  0   3  2  1  0  0  1/1    10:49   0:11   0:00 
John Moore               0  0  0   0  0   0  1  0  0  0  0/0    17:15   0:00   3:30 
Kris Vernarsky           1  0  1   2  0   6  2  0  1  0  2/5    12:15   2:45   0:16 
Mikael Granlund          0  0  0   0  0   2  0  1  1  1  7/17   16:37   0:11   2:40 
Niclas Bergfors          0  0  0   0  4   1  3  0  0  1  0/0    15:41   2:45   0:00 
Phil Oreskovic           0  0  0   0  0   0  0  1  0  0  0/0    13:46   2:27   0:00 
Ryan Kesler              0  1  1   1  0   2  1  0  1  1  11/26  15:34   3:01   0:00 
Ryan Mcdonagh            0  0  0   1  0   0  0  2  0  0  0/0    29:02   3:30   4:27 
Steve Begin              0  1  1  -2  2   0  1  0  0  0  0/0    14:30   0:02   2:54 

Players Stats for Panthers

Player Name              G  A  P  +/- PIM S  H  SB GA TA FO     MP     PP MP  PK MP  
------------------------------------------------------------------------------------
Alexander Perezhogin     0  0  0   0  0   1  0  0  1  0  0/0     6:16   0:04   0:00 
Andrew Ebbett            0  1  1  -1  0   1  4  0  0  0  3/5    10:35   0:04   0:46 
Andy McDonald            0  0  0   0  0   1  0  0  0  0  0/0     8:09   0:04   1:49 
Brad Stuart              0  0  0   0  0   0  1  1  0  0  0/0    11:17   0:00   1:11 
Brendan Smith            0  1  1   1  0   3  1  0  1  0  0/0    28:33   4:48   3:35 
Guillaume Latendresse    0  0  0   0  2   3  3  1  0  0  1/1    22:59   4:16   2:02 
Jeff Tambellini          0  0  0  -1  0   1  0  0  0  0  0/0    10:00   0:00   0:38 
Keith Aulie              0  0  0  -2  0   0  1  0  0  1  0/0    21:47   3:09   2:22 
Loui Eriksson            0  0  0   0  0   4  1  0  1  0  3/5    19:48   4:16   0:00 
Marian Hossa             1  0  1   0  0   4  1  0  0  0  0/0    18:22   3:37   0:00 
Matthew Spiller          0  0  0  -1  0   1  0  1  0  0  0/0    20:54   3:09   2:22 
Nick Schultz             0  0  0   0  0   0  0  1  0  0  0/0     9:40   0:00   0:00 
Peter Prucha             1  0  1  -1  2   3  0  1  0  0  0/0     9:23   0:00   0:00 
Scott Gomez              0  1  1   0  0   3  4  1  0  1  6/9    18:28   3:37   1:01 
Sergei Samsonov          0  1  1   0  0   4  4  0  0  1  0/2    18:28   3:37   1:01 
Shawn Horcoff            0  0  0   0  0   0  2  0  0  0  2/3     7:29   0:00   1:36 
Sidney Crosby            0  0  0   0  0   5  1  0  1  0  17/36  23:55   4:16   3:01 
Steve Montador           0  0  0   0  2   1  1  1  2  0  0/0    27:57   4:48   2:24 

3 Stars

1 - David Jones (Nas)
2 - Kris Vernarsky (Nas)
3 - Viktor Fasth (Nas)

Power Play

Predators - 0 on 3 Attempt(s) - 0,00%
Panthers - 0 on 4 Attempt(s) - 0,00%

Penalty Kill

Predators - 4 on 4 Attempt(s) - 100,00% - Score 0 goal in Penalty Kill
Panthers - 3 on 3 Attempt(s) - 100,00% - Score 0 goal in Penalty Kill

Team Stat

Predators - Hits : 21 - Faceoff Wins : 29 - Blocked Shots : 14 - Penalty Minutes : 8
Panthers - Hits : 24 - Faceoff Wins : 32 - Blocked Shots : 7 - Penalty Minutes : 6

Official

Referees : O'Rourke Dan and Kozari Steve
Linesman : Tony Sericolo and Brian Murphy

Game Notes

Adam Burish is injured at 6:33 of 1st period (Broken Right Thumb)
15:50 of 1st period - Predators goal is going for a video replay. After video review, No Goal. The referee deems the play has been stopped, even if he had not physically had the opportunity to stop play by blowing his whistle.
13:26 of 3rd period - Panthers goal is going for a video replay. After video review, Goal.

Finance

Level 1 -- Attendance: 5682 (94,70%) -- Ticket Income 471 606 $
Level 2 -- Attendance: 4385 (87,70%) -- Ticket Income 219 250 $
Level 3 -- Attendance: 1060 (53,00%) -- Ticket Income 47 700 $
Level 4 -- Attendance: 2377 (59,43%) -- Ticket Income 64 179 $
Luxury Box -- Attendance: 1000 (100,00%) -- Ticket Income 140 000 $
Game was played at the Bank Atlantic Cente.
Total Attendance: 14504 (80,58%)
Total Ticket Income: 942 735 $
Other Income: 141 410 $
Total Income: 1 084 145 $

Predators

5 vs 5 Forward 
   Center                   Left Wing                Right Wing               Time % Phy DF OF 
 1 Ryan Kesler              Alexander Ovechkin       Byron Bitz               40     1   1  3  
 2 Mikael Granlund          Alexander Steen          Niclas Bergfors          30     1   2  2  
 3 Andy Miele               Steve Begin              Adam Burish              20     1   2  2  
 4 Kris Vernarsky           Blake Geoffrion          David Jones              10     1   2  2  

5 vs 5 Defense 
   Defense                  Defense                                           Time % Phy DF OF 
 1 Christian Ehrhoff        Ryan Mcdonagh                                     40     1   2  2  
 2 Alexander Edler          John Moore                                        30     1   2  2  
 3 Phil Oreskovic           Brett Clark                                       20     1   2  2  
 4 Ryan Mcdonagh            Alexander Edler                                   10     1   2  2  

PowerPlay Forward 
   Center                   Left Wing                Right Wing               Time % Phy DF OF 
 1 Ryan Kesler              Alexander Ovechkin       Byron Bitz               60     1   0  4  
 2 Kris Vernarsky           Alexander Steen          Niclas Bergfors          40     1   0  4  

PowerPlay Defense
   Defense                  Defense                                           Time % Phy DF OF 
 1 Christian Ehrhoff        Ryan Mcdonagh                                     60     1   1  3  
 2 Phil Oreskovic           Alexander Edler                                   40     0   1  4  

Penalty Kill 4 Players Forward 
   Center                   Wing                     Time % Phy DF OF 
 1 Alexander Ovechkin       Adam Burish              60     1   2  2  
 2 Byron Bitz               Steve Begin              40     1   2  2  

Penalty Kill 4 Players Defense
   Defense                  Defense                  Time % Phy DF OF 
 1 Alexander Edler          Ryan Mcdonagh            60     1   1  3  
 2 Brett Clark              John Moore               40     1   1  3  

Penalty Kill - 3 Players Forward 
   Forward                                           Time % Phy DF OF 
 1 Byron Bitz                                        60     2   3  0  
 2 Adam Burish                                       40     1   3  1  

Penalty Kill - 3 Players Defense
   Defense                  Defense                  Time % Phy DF OF 
 1 Alexander Edler          Ryan Mcdonagh            60     1   1  3  
 2 Brett Clark              John Moore               40     1   1  3  

4 vs 4 Forward 
   Center                   Wing                     Time % Phy DF OF 
 1 Alexander Ovechkin       Niclas Bergfors          60     1   2  2  
 2 Ryan Kesler              Byron Bitz               40     1   2  2  

4 vs 4 Defense
   Defense                  Defense                  Time % Phy DF OF 
 1 Alexander Edler          Ryan Mcdonagh            60     1   2  2  
 2 Brett Clark              John Moore               40     1   2  2  

Last Minutes Offensive
   Center                   Left Wing                Right Wing               Defense                  Defense                  
   Ryan Kesler              Alexander Ovechkin       Niclas Bergfors          Alexander Edler          Ryan Mcdonagh            

Last Minutes Defensive
   Center                   Left Wing                Right Wing               Defense                  Defense                  
   Kris Vernarsky           Alexander Ovechkin       Byron Bitz               Ryan Mcdonagh            Brett Clark              

Goaltenders
Starting : Viktor Fasth             
Backup : Chad Johnson             

Extra Forwards
Normal : Alexander Ovechkin, Byron Bitz, Andy Miele - PP : Alexander Ovechkin, Ryan Kesler - PK : Steve Begin
Extra Defensemen
Normal : Alexander Edler, Ryan Mcdonagh, John Moore - PP : Alexander Edler - PK : John Moore, Christian Ehrhoff
Penalty Shots
Alexander Ovechkin, Niclas Bergfors, Ryan Kesler, Andy Miele, Alexander Steen

Panthers

5 vs 5 Forward 
   Center                   Left Wing                Right Wing               Time % Phy DF OF 
 1 Sidney Crosby            Guillaume Latendresse    Loui Eriksson            40     0   2  3  
 2 Scott Gomez              Sergei Samsonov          Marian Hossa             30     0   2  3  
 3 Andrew Ebbett            Jeff Tambellini          Peter Prucha             20     1   2  2  
 4 Shawn Horcoff            Andy McDonald            Alexander Perezhogin     10     1   2  2  

5 vs 5 Defense 
   Defense                  Defense                                           Time % Phy DF OF 
 1 Steve Montador           Brendan Smith                                     40     0   2  3  
 2 Matthew Spiller          Keith Aulie                                       30     0   2  3  
 3 Brad Stuart              Nick Schultz                                      20     1   2  2  
 4 Steve Montador           Brendan Smith                                     10     0   2  3  

PowerPlay Forward 
   Center                   Left Wing                Right Wing               Time % Phy DF OF 
 1 Sidney Crosby            Guillaume Latendresse    Loui Eriksson            60     1   0  4  
 2 Scott Gomez              Sergei Samsonov          Marian Hossa             40     1   0  4  

PowerPlay Defense
   Defense                  Defense                                           Time % Phy DF OF 
 1 Steve Montador           Brendan Smith                                     60     1   1  3  
 2 Matthew Spiller          Keith Aulie                                       40     1   1  3  

Penalty Kill 4 Players Forward 
   Center                   Wing                     Time % Phy DF OF 
 1 Sidney Crosby            Guillaume Latendresse    60     1   3  1  
 2 Scott Gomez              Sergei Samsonov          40     1   3  1  

Penalty Kill 4 Players Defense
   Defense                  Defense                  Time % Phy DF OF 
 1 Steve Montador           Brendan Smith            60     1   4  0  
 2 Matthew Spiller          Keith Aulie              40     1   3  1  

Penalty Kill - 3 Players Forward 
   Forward                                           Time % Phy DF OF 
 1 Scott Gomez                                       60     1   3  1  
 2 Sidney Crosby                                     40     1   3  1  

Penalty Kill - 3 Players Defense
   Defense                  Defense                  Time % Phy DF OF 
 1 Steve Montador           Brendan Smith            60     1   3  1  
 2 Matthew Spiller          Keith Aulie              40     1   3  1  

4 vs 4 Forward 
   Center                   Wing                     Time % Phy DF OF 
 1 Sidney Crosby            Guillaume Latendresse    60     0   2  3  
 2 Scott Gomez              Marian Hossa             40     0   2  3  

4 vs 4 Defense
   Defense                  Defense                  Time % Phy DF OF 
 1 Steve Montador           Brendan Smith            60     0   2  3  
 2 Matthew Spiller          Keith Aulie              40     1   2  2  

Last Minutes Offensive
   Center                   Left Wing                Right Wing               Defense                  Defense                  
   Sidney Crosby            Guillaume Latendresse    Marian Hossa             Steve Montador           Brendan Smith            

Last Minutes Defensive
   Center                   Left Wing                Right Wing               Defense                  Defense                  
   Scott Gomez              Guillaume Latendresse    Loui Eriksson            Brendan Smith            Steve Montador           

Goaltenders
Starting : Keith Kinkaid            
Backup : Antti Niemi              

Extra Forwards
Normal : Scott Gomez, Guillaume Latendresse, Marian Hossa - PP : Scott Gomez, Sidney Crosby - PK : Shawn Horcoff
Extra Defensemen
Normal : Keith Aulie, Brendan Smith, Steve Montador - PP : Keith Aulie - PK : Brendan Smith, Steve Montador
Penalty Shots
Sidney Crosby, Sergei Samsonov, Peter Prucha, Marian Hossa, Jeff Tambellini

% Time on Ice - Predators

Lines # - Real PCT - Wanted PCT - Time Play
Normal Forward
1 - 29% - 40% - 13:16
2 - 31% - 30% - 14:18
3 - 22% - 20% - 10:12
4 - 17% - 10% - 7:59
Normal Defense
1 - 41% - 40% - 18:48
2 - 31% - 30% - 14:20
3 - 23% - 20% - 10:44
4 - 4% - 10% - 1:53
PP Forward
1 - 54% - 60% - 3:12
2 - 46% - 40% - 2:45
PP Defense
1 - 59% - 60% - 3:30
2 - 41% - 40% - 2:27
PK Forward
1 - 90% - 60% - 7:07
2 - 10% - 40% - 0:50
PK Defense
1 - 56% - 60% - 4:27
2 - 44% - 40% - 3:30
PK3 Forward
1 - 0% - 60%
2 - 0% - 40%
PK3 Defense
1 - 0% - 60%
2 - 0% - 40%
44 Forward
1 - 0% - 60%
2 - 0% - 40%
44 Defense
1 - 0% - 60%
2 - 0% - 40%
Last Minute Offensive  - 0:00
Last Minute Defensive  - 0:21
Total
Forward - 60:00
Defense - 60:00

% Time on Ice - Panthers

Lines # - Real PCT - Wanted PCT - Time Play
Normal Forward
1 - 35% - 40% - 15:37
2 - 32% - 30% - 14:12
3 - 21% - 20% - 9:22
4 - 13% - 10% - 5:49
Normal Defense
1 - 42% - 40% - 18:42
2 - 34% - 30% - 15:15
3 - 21% - 20% - 9:40
4 - 3% - 10% - 1:23
PP Forward
1 - 54% - 60% - 4:18
2 - 46% - 40% - 3:39
PP Defense
1 - 60% - 60% - 4:48
2 - 40% - 40% - 3:09
PK Forward
1 - 83% - 60% - 4:56
2 - 17% - 40% - 1:01
PK Defense
1 - 60% - 60% - 3:35
2 - 40% - 40% - 2:22
PK3 Forward
1 - 0% - 60%
2 - 0% - 40%
PK3 Defense
1 - 0% - 60%
2 - 0% - 40%
44 Forward
1 - 0% - 60%
2 - 0% - 40%
44 Defense
1 - 0% - 60%
2 - 0% - 40%
Last Minute Offensive  - 1:06
Last Minute Defensive  - 0:00
Total
Forward - 60:00
Defense - 60:00

Play by Play

1st period


0:01 of 1st period - Alexander Ovechkin wins face-off versus Sidney Crosby in neutral zone.
0:14 of 1st period - Wrist shot by Ryan Kesler.
0:14 of 1st period - Stopped by Keith Kinkaid without a rebound.
0:15 of 1st period - Mikael Granlund wins face-off versus Scott Gomez in Panthers zone.
0:28 of 1st period - Snap shot by Marian Hossa.
0:28 of 1st period - Shot Blocked by Alexander Steen.
0:30 of 1st period - Wrist shot by Matthew Spiller.
0:30 of 1st period - Stopped by Viktor Fasth with a rebound.
2:11 of 1st period - Minor Penalty to Steve Begin for Hooking.
2:12 of 1st period - Alexander Ovechkin wins face-off versus Sidney Crosby in Predators zone.
2:36 of 1st period - Loui Eriksson is hit by Byron Bitz and loses puck.
2:49 of 1st period - Wrist shot by Marian Hossa.
2:49 of 1st period - Shot Misses the Net.
2:51 of 1st period - Snap shot by Steve Montador.
2:51 of 1st period - Stopped by Viktor Fasth with a rebound.
2:53 of 1st period - Snap shot by Scott Gomez.
2:53 of 1st period - Shot Misses the Net.
2:57 of 1st period - Backhand shot by Scott Gomez.
2:57 of 1st period - Shot Misses the Net.
4:11 of 1st period - Penalty to Steve Begin is over, Steve Begin is back on ice.
4:17 of 1st period - Slapshot by Mikael Granlund.
4:17 of 1st period - Stopped by Keith Kinkaid with a rebound.
4:25 of 1st period - Snap shot by Alexander Steen.
4:25 of 1st period - Shot Misses the Net.
5:07 of 1st period - Sergei Samsonov is hit by Adam Burish and loses puck.
5:24 of 1st period - Brendan Smith is hit by Kris Vernarsky.
5:34 of 1st period - Peter Prucha is hit by Andy Miele and loses puck.
6:09 of 1st period - Marian Hossa is hit by Kris Vernarsky.
6:32 of 1st period - Adam Burish is hit by Guillaume Latendresse and loses puck.
6:33 of 1st period - Adam Burish from Predators is injured at 6:33 of 1st period (Broken Right Thumb).
6:34 of 1st period - Sidney Crosby wins face-off versus Mikael Granlund in Predators zone.
7:01 of 1st period - Alexander Ovechkin is hit by Brendan Smith and loses puck.
7:55 of 1st period - Matthew Spiller is hit by John Moore and loses puck.
8:12 of 1st period - Wrist shot by Alexander Perezhogin.
8:12 of 1st period - Stopped by Viktor Fasth with a rebound.
8:14 of 1st period - Slapshot by Brendan Smith.
8:14 of 1st period - Deflect By Steve Begin.
8:14 of 1st period - Stopped by Viktor Fasth without a rebound.
8:15 of 1st period - Mikael Granlund wins face-off versus Sidney Crosby in Predators zone.
8:28 of 1st period - Wrist shot by Mikael Granlund.
8:28 of 1st period - Shot Misses the Net.
9:34 of 1st period - Wrist shot by Mikael Granlund.
9:34 of 1st period - Shot Misses the Net.
10:28 of 1st period - Slapshot by Jeff Tambellini.
10:28 of 1st period - Stopped by Viktor Fasth with a rebound.
10:30 of 1st period - Slapshot by Andrew Ebbett.
10:30 of 1st period - Shot Blocked by Mikael Granlund.
10:32 of 1st period - Snap shot by Andrew Ebbett.
10:32 of 1st period - Shot Blocked by Alexander Steen.
10:48 of 1st period - Snap shot by Sidney Crosby.
10:48 of 1st period - Stopped by Viktor Fasth with a rebound.
11:08 of 1st period - Backhand shot by Blake Geoffrion.
11:08 of 1st period - Shot Misses the Net.
13:14 of 1st period - Wrist shot by Blake Geoffrion.
13:14 of 1st period - Stopped by Keith Kinkaid without a rebound.
13:15 of 1st period - Sidney Crosby wins face-off versus Kris Vernarsky in Panthers zone.
13:52 of 1st period - Snap shot by Alexander Ovechkin.
13:52 of 1st period - Shot Misses the Net.
14:30 of 1st period - Slapshot by Marian Hossa.
14:30 of 1st period - Stopped by Viktor Fasth with a rebound.
14:55 of 1st period - Wrist shot by Loui Eriksson.
14:55 of 1st period - Shot Blocked by Ryan Mcdonagh.
15:05 of 1st period - Snap shot by Alexander Ovechkin.
15:05 of 1st period - Stopped by Keith Kinkaid without a rebound.
15:06 of 1st period - Andrew Ebbett wins face-off versus Kris Vernarsky in Panthers zone.
15:36 of 1st period - Snap shot by Sidney Crosby.
15:36 of 1st period - Deflect By Loui Eriksson.
15:36 of 1st period - Stopped by Viktor Fasth without a rebound.
15:37 of 1st period - Ryan Kesler wins face-off versus Sidney Crosby in Predators zone.
15:46 of 1st period - Snap shot by Ryan Kesler.
15:46 of 1st period - Stopped by Keith Kinkaid with a rebound.
15:48 of 1st period - Slapshot by Alexander Ovechkin.
15:48 of 1st period - Shot Misses the Net.
15:50 of 1st period - Snap shot by Alexander Ovechkin.
15:50 of 1st period - Predators goal is going for a video replay.
15:50 of 1st period - The goal is refused. The referee deems the play has been stopped, even if he had not physically had the opportunity to stop play by blowing his whistle..
15:51 of 1st period - Loui Eriksson wins face-off versus Ryan Kesler in Panthers zone.
16:27 of 1st period - Slapshot by Marian Hossa.
16:27 of 1st period - Stopped by Viktor Fasth with a rebound.
16:45 of 1st period - Nick Schultz is hit by Andy Miele and loses puck.
17:02 of 1st period - Off-side.
17:03 of 1st period - Sidney Crosby wins face-off versus Mikael Granlund in neutral zone.
17:13 of 1st period - Wrist shot by Loui Eriksson.
17:13 of 1st period - Stopped by Viktor Fasth without a rebound.
17:14 of 1st period - Sidney Crosby wins face-off versus Ryan Kesler in Predators zone.
17:15 of 1st period - Wrist shot by Loui Eriksson.
17:15 of 1st period - Shot Misses the Net.
17:29 of 1st period - Wrist shot by Loui Eriksson.
17:29 of 1st period - Shot Blocked by Christian Ehrhoff.
17:31 of 1st period - Wrist shot by Guillaume Latendresse.
17:31 of 1st period - Shot Blocked by Christian Ehrhoff.
17:41 of 1st period - Alexander Ovechkin is hit by Steve Montador.
18:13 of 1st period - Snap shot by Scott Gomez.
18:13 of 1st period - Stopped by Viktor Fasth with a rebound.
18:15 of 1st period - Wrist shot by Sergei Samsonov.
18:15 of 1st period - Stopped by Viktor Fasth without a rebound.
18:16 of 1st period - Sidney Crosby wins face-off versus Mikael Granlund in Predators zone.
18:17 of 1st period - Snap shot by Loui Eriksson.
18:17 of 1st period - Shot Blocked by Alexander Edler.
18:19 of 1st period - Slapshot by Brendan Smith.
18:19 of 1st period - Stopped by Viktor Fasth without a rebound.
18:20 of 1st period - Mikael Granlund wins face-off versus Sidney Crosby in Predators zone.
18:20 of 1st period - Mikael Granlund is hit by Guillaume Latendresse.
18:26 of 1st period - Slapshot by Niclas Bergfors.
18:26 of 1st period - Shot Misses the Net.
18:50 of 1st period - Snap shot by Andy Miele.
18:50 of 1st period - Stopped by Keith Kinkaid without a rebound.
18:51 of 1st period - Alexander Ovechkin wins face-off versus Sergei Samsonov in Panthers zone.
18:58 of 1st period - Snap shot by Andy Miele.
18:58 of 1st period - Stopped by Keith Kinkaid without a rebound.
18:59 of 1st period - Sidney Crosby wins face-off versus Ryan Kesler in Panthers zone.
19:10 of 1st period - Snap shot by Loui Eriksson.
19:10 of 1st period - Stopped by Viktor Fasth without a rebound.
19:11 of 1st period - Sidney Crosby wins face-off versus Ryan Kesler in Predators zone.
19:24 of 1st period - Wrist shot by Loui Eriksson.
19:24 of 1st period - Shot Misses the Net.
19:28 of 1st period - Wrist shot by Loui Eriksson.
19:28 of 1st period - Shot Hit the Post.
Goals for this period are 0 for Predators vs 0 for Panthers.
Shots for this period are 8 for Predators vs 14 for Panthers.

2nd period


0:01 of 2nd period - Ryan Kesler wins face-off versus Sidney Crosby in neutral zone.
0:30 of 2nd period - Off-side.
0:31 of 2nd period - Scott Gomez wins face-off versus Mikael Granlund in neutral zone.
0:38 of 2nd period - Snap shot by Marian Hossa.
0:38 of 2nd period - Stopped by Viktor Fasth with a rebound.
0:50 of 2nd period - Backhand shot by Alexander Steen.
0:50 of 2nd period - Shot Blocked by Matthew Spiller.
1:08 of 2nd period - Wrist shot by Alexander Steen.
1:08 of 2nd period - Stopped by Keith Kinkaid without a rebound.
1:09 of 2nd period - Ryan Kesler wins face-off versus Sidney Crosby in Panthers zone.
1:10 of 2nd period - Snap shot by Alexander Ovechkin.
1:10 of 2nd period - Stopped by Keith Kinkaid with a rebound.
1:26 of 2nd period - Snap shot by Sidney Crosby.
1:26 of 2nd period - Stopped by Viktor Fasth with a rebound.
1:36 of 2nd period - Jeff Tambellini is hit by Steve Begin and loses puck.
1:55 of 2nd period - Wrist shot by Kris Vernarsky.
1:55 of 2nd period - Deflect By Andrew Ebbett.
1:55 of 2nd period - Stopped by Keith Kinkaid with a rebound.
1:57 of 2nd period - Snap shot by Blake Geoffrion.
1:57 of 2nd period - Stopped by Keith Kinkaid without a rebound.
1:58 of 2nd period - Kris Vernarsky wins face-off versus Sidney Crosby in Panthers zone.
1:59 of 2nd period - Wrist shot by Alexander Edler.
1:59 of 2nd period - Stopped by Keith Kinkaid with a rebound.
2:01 of 2nd period - Slapshot by Alexander Edler.
2:01 of 2nd period - Stopped by Keith Kinkaid with a rebound.
2:03 of 2nd period - Snap shot by Kris Vernarsky.
2:03 of 2nd period - Shot Misses the Net.
2:05 of 2nd period - Backhand shot by David Jones.
2:05 of 2nd period - Stopped by Keith Kinkaid with a rebound.
2:09 of 2nd period - Wrist shot by Kris Vernarsky.
2:09 of 2nd period - Stopped by Keith Kinkaid with a rebound.
2:11 of 2nd period - Slapshot by Alexander Edler.
2:11 of 2nd period - Shot Blocked by Guillaume Latendresse.
2:13 of 2nd period - Snap shot by Kris Vernarsky.
2:13 of 2nd period - Stopped by Keith Kinkaid with a rebound.
2:15 of 2nd period - Slapshot by Alexander Edler.
2:15 of 2nd period - Shot Blocked by Nick Schultz.
2:35 of 2nd period - Snap shot by Kris Vernarsky.
2:35 of 2nd period - Stopped by Keith Kinkaid without a rebound.
2:36 of 2nd period - Scott Gomez wins face-off versus Ryan Kesler in Panthers zone.
3:20 of 2nd period - Slapshot by Marian Hossa.
3:20 of 2nd period - Goal by Marian Hossa - Predators : 0 - Panthers : 1.
3:21 of 2nd period - Sidney Crosby wins face-off versus Mikael Granlund in neutral zone.
3:48 of 2nd period - Peter Prucha is hit by Byron Bitz and loses puck.
4:27 of 2nd period - Snap shot by Kris Vernarsky.
4:27 of 2nd period - Shot Misses the Net.
5:11 of 2nd period - Slapshot by Andrew Ebbett.
5:11 of 2nd period - Deflect By Peter Prucha.
5:11 of 2nd period - Shot Misses the Net.
5:11 of 2nd period - Puck is out of play.
5:12 of 2nd period - Scott Gomez wins face-off versus Andy Miele in Predators zone.
5:39 of 2nd period - Keith Aulie is hit by Niclas Bergfors and loses puck.
6:06 of 2nd period - Wrist shot by David Jones.
6:06 of 2nd period - Shot Misses the Net.
6:38 of 2nd period - Christian Ehrhoff is hit by Marian Hossa and loses puck.
6:43 of 2nd period - Snap shot by Sergei Samsonov.
6:43 of 2nd period - Stopped by Viktor Fasth without a rebound.
6:44 of 2nd period - Sidney Crosby wins face-off versus Mikael Granlund in Predators zone.
6:53 of 2nd period - Snap shot by Guillaume Latendresse.
6:53 of 2nd period - Shot Blocked by Alexander Edler.
7:05 of 2nd period - Minor Penalty to Guillaume Latendresse for Hooking.
7:06 of 2nd period - Ryan Kesler wins face-off versus Sidney Crosby in Panthers zone.
7:31 of 2nd period - Steve Montador is hit by Niclas Bergfors and loses puck.
7:38 of 2nd period - Snap shot by Alexander Steen.
7:38 of 2nd period - Shot Misses the Net.
8:22 of 2nd period - Keith Aulie is hit by Niclas Bergfors and loses puck.
8:51 of 2nd period - Andrew Ebbett is hit by Alexander Edler and loses puck.
9:05 of 2nd period - Penalty to Guillaume Latendresse is over, Guillaume Latendresse is back on ice.
9:37 of 2nd period - Icing by Steve Begin.
9:38 of 2nd period - Andy Miele wins face-off versus Sidney Crosby in Predators zone.
10:05 of 2nd period - Wrist shot by Scott Gomez.
10:05 of 2nd period - Stopped by Viktor Fasth without a rebound.
10:06 of 2nd period - Andrew Ebbett wins face-off versus Mikael Granlund in Predators zone.
10:15 of 2nd period - Niclas Bergfors is hit by Andrew Ebbett and loses puck.
10:20 of 2nd period - Snap shot by Andrew Ebbett.
10:20 of 2nd period - Shot Blocked by Alexander Edler.
10:22 of 2nd period - Snap shot by Andrew Ebbett.
10:22 of 2nd period - Shot Misses the Net.
11:19 of 2nd period - Ryan Mcdonagh is hit by Shawn Horcoff and loses puck.
11:24 of 2nd period - Wrist shot by Shawn Horcoff.
11:24 of 2nd period - Shot Blocked by Christian Ehrhoff.
11:46 of 2nd period - Snap shot by Peter Prucha.
11:46 of 2nd period - Shot Misses the Net.
11:48 of 2nd period - Wrist shot by Steve Montador.
11:48 of 2nd period - Shot Blocked by David Jones.
11:50 of 2nd period - Wrist shot by Peter Prucha.
11:50 of 2nd period - Deflect By David Jones.
11:50 of 2nd period - Stopped by Viktor Fasth with a rebound.
12:14 of 2nd period - Alexander Ovechkin is hit by Sergei Samsonov.
12:22 of 2nd period - Snap shot by Sergei Samsonov.
12:22 of 2nd period - Stopped by Viktor Fasth without a rebound.
12:23 of 2nd period - Mikael Granlund wins face-off versus Sidney Crosby in Predators zone.
12:25 of 2nd period - Double Minor Penalty to Niclas Bergfors for High sticking.
12:26 of 2nd period - Alexander Ovechkin wins face-off versus Sidney Crosby in Predators zone.
12:40 of 2nd period - Brendan Smith is hit by Alexander Edler and loses puck.
12:59 of 2nd period - Slapshot by Sergei Samsonov.
12:59 of 2nd period - Deflect By Scott Gomez.
12:59 of 2nd period - Shot Misses the Net.
12:59 of 2nd period - Puck is out of play.
13:00 of 2nd period - Alexander Ovechkin wins face-off versus Sidney Crosby in Predators zone.
13:00 of 2nd period - Alexander Ovechkin is hit by Sidney Crosby.
13:59 of 2nd period - Mikael Granlund is hit by Scott Gomez and loses puck.
14:31 of 2nd period - Icing by Guillaume Latendresse.
14:32 of 2nd period - Mikael Granlund wins face-off versus Sidney Crosby in Panthers zone.
14:35 of 2nd period - Snap shot by Blake Geoffrion.
14:35 of 2nd period - Stopped by Keith Kinkaid without a rebound.
14:36 of 2nd period - Scott Gomez wins face-off versus Mikael Granlund in Panthers zone.
14:52 of 2nd period - Slapshot by Scott Gomez.
14:52 of 2nd period - Shot Misses the Net.
16:25 of 2nd period - Penalty to Niclas Bergfors is over, Niclas Bergfors is back on ice.
16:29 of 2nd period - Slapshot by David Jones.
16:29 of 2nd period - Shot Misses the Net.
16:31 of 2nd period - Wrist shot by David Jones.
16:31 of 2nd period - Shot Blocked by Peter Prucha.
16:33 of 2nd period - Wrist shot by Kris Vernarsky.
16:33 of 2nd period - Deflect By David Jones.
16:33 of 2nd period - Shot Blocked by Steve Montador.
16:33 of 2nd period - Puck is out of play.
16:34 of 2nd period - Kris Vernarsky wins face-off versus Andrew Ebbett in Panthers zone.
16:45 of 2nd period - Slapshot by Kris Vernarsky.
16:45 of 2nd period - Goal by Kris Vernarsky - Predators : 1 - Panthers : 1.
16:46 of 2nd period - Sidney Crosby wins face-off versus Ryan Kesler in neutral zone.
16:48 of 2nd period - Off-side.
16:49 of 2nd period - Sidney Crosby wins face-off versus Ryan Kesler in neutral zone.
17:22 of 2nd period - Snap shot by Niclas Bergfors.
17:22 of 2nd period - Shot Misses the Net.
17:24 of 2nd period - Snap shot by Niclas Bergfors.
17:24 of 2nd period - Shot Misses the Net.
17:26 of 2nd period - Slapshot by Niclas Bergfors.
17:26 of 2nd period - Shot Blocked by Scott Gomez.
17:44 of 2nd period - Wrist shot by Peter Prucha.
17:44 of 2nd period - Stopped by Viktor Fasth without a rebound.
17:45 of 2nd period - Mikael Granlund wins face-off versus Sidney Crosby in Predators zone.
17:47 of 2nd period - Minor Penalty to Alexander Steen for Holding.
17:48 of 2nd period - Alexander Ovechkin wins face-off versus Loui Eriksson in Predators zone.
18:02 of 2nd period - Guillaume Latendresse is hit by Alexander Ovechkin and loses puck.
18:19 of 2nd period - Marian Hossa is hit by Alexander Ovechkin and loses puck.
19:04 of 2nd period - Alexander Ovechkin is hit by Scott Gomez and loses puck.
19:47 of 2nd period - Penalty to Alexander Steen is over, Alexander Steen is back on ice.
Goals for this period are 1 for Predators vs 1 for Panthers.
Shots for this period are 12 for Predators vs 8 for Panthers.

3rd period


0:01 of 3rd period - Ryan Kesler wins face-off versus Loui Eriksson in neutral zone.
0:07 of 3rd period - Off-side.
0:08 of 3rd period - Sidney Crosby wins face-off versus Ryan Kesler in neutral zone.
1:01 of 3rd period - Slapshot by Guillaume Latendresse.
1:01 of 3rd period - Shot Misses the Net.
1:03 of 3rd period - Snap shot by Loui Eriksson.
1:03 of 3rd period - Shot Misses the Net.
1:21 of 3rd period - Wrist shot by Guillaume Latendresse.
1:21 of 3rd period - Shot Misses the Net.
1:23 of 3rd period - Snap shot by Guillaume Latendresse.
1:23 of 3rd period - Shot Misses the Net.
1:27 of 3rd period - Wrist shot by Guillaume Latendresse.
1:27 of 3rd period - Stopped by Viktor Fasth without a rebound.
1:28 of 3rd period - Scott Gomez wins face-off versus Mikael Granlund in Predators zone.
1:54 of 3rd period - Andrew Ebbett is hit by Alexander Edler and loses puck.
2:15 of 3rd period - Slapshot by Alexander Perezhogin.
2:15 of 3rd period - Shot Misses the Net.
2:24 of 3rd period - Slapshot by Andy McDonald.
2:24 of 3rd period - Stopped by Viktor Fasth with a rebound.
3:06 of 3rd period - Icing by Christian Ehrhoff.
3:07 of 3rd period - David Jones wins face-off versus Shawn Horcoff in Predators zone.
3:18 of 3rd period - Off-side.
3:19 of 3rd period - Sidney Crosby wins face-off versus Ryan Kesler in neutral zone.
3:56 of 3rd period - Snap shot by Niclas Bergfors.
3:56 of 3rd period - Shot Misses the Net.
3:58 of 3rd period - Wrist shot by Mikael Granlund.
3:58 of 3rd period - Stopped by Keith Kinkaid without a rebound.
3:59 of 3rd period - Andy Miele wins face-off versus Sidney Crosby in Panthers zone.
4:00 of 3rd period - Slapshot by Alexander Ovechkin.
4:00 of 3rd period - Stopped by Keith Kinkaid with a rebound.
4:05 of 3rd period - Minor Penalty to Steve Montador for Unsportsmanlike conduct.
4:06 of 3rd period - Ryan Kesler wins face-off versus Sidney Crosby in Panthers zone.
5:12 of 3rd period - Keith Aulie is hit by Ryan Kesler and loses puck.
6:05 of 3rd period - Penalty to Steve Montador is over, Steve Montador is back on ice.
6:17 of 3rd period - Byron Bitz is hit by Andrew Ebbett and loses puck.
6:30 of 3rd period - Slapshot by Brendan Smith.
6:30 of 3rd period - Stopped by Viktor Fasth without a rebound.
6:31 of 3rd period - Shawn Horcoff wins face-off versus Andy Miele in Predators zone.
6:54 of 3rd period - Phil Oreskovic is hit by Sergei Samsonov and loses puck.
7:03 of 3rd period - Snap shot by Scott Gomez.
7:03 of 3rd period - Stopped by Viktor Fasth without a rebound.
7:04 of 3rd period - Sidney Crosby wins face-off versus Ryan Kesler in Predators zone.
7:07 of 3rd period - Slapshot by Sidney Crosby.
7:07 of 3rd period - Stopped by Viktor Fasth with a rebound.
7:49 of 3rd period - Wrist shot by David Jones.
7:49 of 3rd period - Stopped by Keith Kinkaid with a rebound.
7:51 of 3rd period - Wrist shot by David Jones.
7:51 of 3rd period - Goal by David Jones - Predators : 2 - Panthers : 1.
7:52 of 3rd period - Loui Eriksson wins face-off versus Ryan Kesler in neutral zone.
8:05 of 3rd period - Christian Ehrhoff is hit by Guillaume Latendresse and loses puck.
8:18 of 3rd period - Ryan Mcdonagh is hit by Scott Gomez and loses puck.
8:25 of 3rd period - Snap shot by Sergei Samsonov.
8:25 of 3rd period - Stopped by Viktor Fasth without a rebound.
8:26 of 3rd period - Scott Gomez wins face-off versus Ryan Kesler in Predators zone.
8:57 of 3rd period - Icing by Mikael Granlund.
8:58 of 3rd period - Mikael Granlund wins face-off versus Sidney Crosby in Predators zone.
9:13 of 3rd period - Snap shot by Guillaume Latendresse.
9:13 of 3rd period - Deflect By Sidney Crosby.
9:13 of 3rd period - Stopped by Viktor Fasth without a rebound.
9:14 of 3rd period - Ryan Kesler wins face-off versus Scott Gomez in Predators zone.
9:24 of 3rd period - Brendan Smith is hit by Christian Ehrhoff.
10:25 of 3rd period - Backhand shot by Kris Vernarsky.
10:25 of 3rd period - Stopped by Keith Kinkaid without a rebound.
10:26 of 3rd period - Shawn Horcoff wins face-off versus Kris Vernarsky in Panthers zone.
10:26 of 3rd period - Shawn Horcoff is hit by David Jones.
10:31 of 3rd period - Off-side.
10:32 of 3rd period - Ryan Kesler wins face-off versus Sidney Crosby in neutral zone.
11:03 of 3rd period - Mikael Granlund is hit by Sergei Samsonov and loses puck.
11:26 of 3rd period - Slapshot by Alexander Ovechkin.
11:26 of 3rd period - Shot Misses the Net.
11:32 of 3rd period - Steve Begin is hit by Andrew Ebbett and loses puck.
12:18 of 3rd period - Wrist shot by Niclas Bergfors.
12:18 of 3rd period - Stopped by Keith Kinkaid with a rebound.
12:20 of 3rd period - Slapshot by Ryan Mcdonagh.
12:20 of 3rd period - Shot Misses the Net.
12:28 of 3rd period - Mikael Granlund is hit by Scott Gomez and loses puck.
12:47 of 3rd period - Snap shot by Guillaume Latendresse.
12:47 of 3rd period - Shot Blocked by Phil Oreskovic.
12:49 of 3rd period - Wrist shot by Loui Eriksson.
12:49 of 3rd period - Stopped by Viktor Fasth without a rebound.
12:50 of 3rd period - Sidney Crosby wins face-off versus Ryan Kesler in Predators zone.
12:59 of 3rd period - Slapshot by Loui Eriksson.
12:59 of 3rd period - Shot Misses the Net.
13:17 of 3rd period - Andy Miele is hit by Andrew Ebbett and loses puck.
13:24 of 3rd period - Snap shot by Andrew Ebbett.
13:24 of 3rd period - Stopped by Viktor Fasth with a rebound.
13:26 of 3rd period - Wrist shot by Peter Prucha.
13:26 of 3rd period - Panthers goal is going for a video replay.
13:26 of 3rd period - The goal is good.
13:26 of 3rd period - Goal by Peter Prucha - Predators : 2 - Panthers : 2.
13:27 of 3rd period - Loui Eriksson wins face-off versus Mikael Granlund in neutral zone.
15:06 of 3rd period - Brett Clark is hit by Loui Eriksson and loses puck.
15:16 of 3rd period - Icing by Keith Aulie.
15:17 of 3rd period - Ryan Kesler wins face-off versus Scott Gomez in Panthers zone.
15:18 of 3rd period - Wrist shot by Byron Bitz.
15:18 of 3rd period - Stopped by Keith Kinkaid without a rebound.
15:19 of 3rd period - Ryan Kesler wins face-off versus Sergei Samsonov in Panthers zone.
15:27 of 3rd period - Off-side.
15:28 of 3rd period - Ryan Kesler wins face-off versus Andrew Ebbett in neutral zone.
15:31 of 3rd period - Backhand shot by Byron Bitz.
15:31 of 3rd period - Shot Misses the Net.
15:33 of 3rd period - Wrist shot by Byron Bitz.
15:33 of 3rd period - Goal by Byron Bitz - Predators : 3 - Panthers : 2.
15:34 of 3rd period - Andrew Ebbett wins face-off versus Ryan Kesler in neutral zone.
15:36 of 3rd period - Minor Penalty to Peter Prucha for Hooking.
15:37 of 3rd period - Sidney Crosby wins face-off versus Ryan Kesler in Panthers zone.
17:36 of 3rd period - Penalty to Peter Prucha is over, Peter Prucha is back on ice.
17:47 of 3rd period - Jeff Tambellini is hit by David Jones and loses puck.
17:52 of 3rd period - Wrist shot by Steve Begin.
17:52 of 3rd period - Shot Blocked by Brad Stuart.
18:04 of 3rd period - Niclas Bergfors is hit by Sergei Samsonov and loses puck.
18:23 of 3rd period - Byron Bitz is hit by Shawn Horcoff and loses puck.
18:49 of 3rd period - Steve Begin is hit by Brad Stuart and loses puck.
19:00 of 3rd period - Christian Ehrhoff is hit by Keith Aulie and loses puck.
19:03 of 3rd period - Panthers, Keith Kinkaid is pulled from the net.
19:20 of 3rd period - Snap shot by Sidney Crosby.
19:20 of 3rd period - Stopped by Viktor Fasth with a rebound.
19:34 of 3rd period - Snap shot by Guillaume Latendresse.
19:34 of 3rd period - Shot Blocked by Christian Ehrhoff.
19:36 of 3rd period - Snap shot by Guillaume Latendresse.
19:36 of 3rd period - Shot Misses the Net.
19:38 of 3rd period - Snap shot by Guillaume Latendresse.
19:38 of 3rd period - Stopped by Viktor Fasth without a rebound.
19:39 of 3rd period - Alain Vigneault call a timeout for Panthers.
19:39 of 3rd period - Guillaume Latendresse wins face-off versus Andy Miele in Predators zone.
19:48 of 3rd period - Slapshot by Sidney Crosby.
19:48 of 3rd period - Shot Misses the Net.
19:50 of 3rd period - Slapshot by Steve Montador.
19:50 of 3rd period - Shot Blocked by Ryan Mcdonagh.
19:54 of 3rd period - Wrist shot by Guillaume Latendresse.
19:54 of 3rd period - Stopped by Viktor Fasth without a rebound.
19:55 of 3rd period - Sidney Crosby wins face-off versus Andy Miele in Predators zone.
Goals for this period are 2 for Predators vs 1 for Panthers.
Shots for this period are 8 for Predators vs 13 for Panthers.